Cogmind - Beta 13 *** ADVENTURER MODE // 2024.07.26 @ 10:19:32 Player: Jefffff Result: Core destroyed Performance ------------- Evolutions (2) 1000 Regions Visited (6) 1200 Robots Destroyed (124) 620 Value Destroyed (4912) 4912 Prototype IDs (1) 20 Alien Tech Used (0) 0 Bonus (1437) 1437 TOTAL SCORE: 9189 Bonus ------- High Alert Combat Kills 508 Follower Combat Kills 229 Entered Garrisons 200 Used RIF Installer 500 Cogmind --------- Core Integrity 0/550 Matter 300/300 Energy 111/290 System Corruption 1% Temperature Critical (552) Movement Walking (190) Ox1 Location -8/Materials Parts ------- > --- POWER (1) -------- Improved Deuterium Engine > --- PROPULSION (4) --- Carbon-fiber Leg Carbon-fiber Leg Carbon-fiber Leg Myomer Leg > --- UTILITY (4) ------ Cooling System Huge Storage Unit Advanced Salvage Targeting Computer Advanced Targeting Computer > --- WEAPON (2) ------- Wave Gun Wave Gun > --- INVENTORY (25) --- Improved Ion Engine Micro Fission Core Aluminum Leg Carbon-fiber Leg Machine Analyzer Improved Sensor Array Improved Signal Interpreter Improved Terrain Scan Processor Transport Network Coupler Advanced Salvage Targeting Computer Target Analyzer Core Analyzer Armor Integrity Analyzer Transmission Jammer Light Armor Plating Hardlight Generator Point Defense System Authchip [R/Combat] Improved Corruption Screen Recalibrator Long-range Proton Cannon Gauss Rifle Grenade Launcher Plasma Cutter Ripper Peak State ------------ > --- POWER ------------ Improved Deuterium Engine > --- PROPULSION ------- Carbon-fiber Leg Carbon-fiber Leg Titanium Leg Myomer Leg > --- UTILITY ---------- Huge Storage Unit Advanced Salvage Targeting Computer Advanced Targeting Computer Advanced System Restoration Module > --- WEAPON ----------- Long-range Proton Cannon Ripper > --- INVENTORY -------- Improved Ion Engine Improved Ion Engine Improved Heat Sink Cooling System Machine Analyzer Improved Sensor Array Improved Signal Interpreter Improved Terrain Scan Processor Transport Network Coupler Target Analyzer Core Analyzer Armor Integrity Analyzer Transmission Jammer Light Armor Plating Point Defense System Authchip [R/Combat] Authchip [R/Combat] Authchip [R/Combat] Authchip [R/Combat] Recalibrator Wave Gun Minigun Gauss Rifle Grenade Launcher Plasma Cutter [Rating: 54] Favorites ----------- Power Ion Engine Engine Ion Engine Power Core Light Nuclear Core Propulsion Aluminum Leg Leg Aluminum Leg Wheel Compact Wheel Utility Huge Storage Unit Device Advanced Heat Sink Storage Huge Storage Unit Processor Targeting Computer Protection Propulsion Shielding Weapon Grenade Launcher Energy Gun Particle Gun Energy Cannon Long-range Proton Cannon Ballistic Gun Enhanced Autogun Ballistic Cannon Light Cannon Launcher Grenade Launcher Impact Weapon Heavy Mace Slashing Weapon Ripper Build | -11 -10 -10 -10 -8 -8 -8 ------- Run | Yrd Mat Min Sub Mat Gar Mat Slots Evolved 4 | . . . . 4 . . Power . | . . . . . . . Propulsion 2 | . . . . 2 . . Utility 2 | . . . . 2 . . Weapon . | . . . . . . . Parts Attached 102 | 6 5 2 15 37 31 6 Power 12 | 1 1 . 1 5 4 . Engine 9 | 1 1 . 1 4 2 . Core 3 | . . . . 1 2 . Reactor . | . . . . . . . Propulsion 37 | 2 1 1 4 15 12 2 Treads . | . . . . . . . Leg 33 | . . . 4 15 12 2 Wheel 4 | 2 1 1 . . . . Hover . | . . . . . . . Flight . | . . . . . . . Utility 29 | 1 2 . 1 12 11 2 Device 8 | . . . . 2 4 2 Storage 2 | 1 1 . . . . . Processor 4 | . 1 . . . 3 . Hackware . | . . . . . . . Protection 15 | . . . 1 10 4 . Artifact . | . . . . . . . Weapon 24 | 2 1 1 9 5 4 2 Energy Gun 5 | 2 . 1 . . . 2 Energy Cannon 1 | . . . . . 1 . Ballistic Gun 5 | . . . . 5 . . Ballistic Cannon 3 | . 1 . 2 . . . Launcher 3 | . . . 3 . . . Special Weapon . | . . . . . . . Impact Weapon 2 | . . . . . 2 . Slashing Weapon 5 | . . . 4 . 1 . Piercing Weapon . | . . . . . . . Special Melee Weapon . | . . . . . . . Unidentified Prototypes 1 | . . . . 1 . . Parts Lost 18 | . 1 . 2 2 12 1 Power 1 | . . . . . 1 . Propulsion 7 | . 1 . 1 . 5 . Utility 6 | . . . . 1 4 1 Weapon 4 | . . . 1 1 2 . Highest Loss Streak 4 | . 1 . 1 1 4 1 To Critical Strikes 1 | . . . . . 1 . Average Slot Usage (%) 99 | . 95 100 99 97 99 100 Engine 11 | . 14 14 14 8 4 9 Leg 26 | . . . 23 35 35 36 Wheel 5 | . 27 28 4 . . . Device 1 | . . . . 2 4 9 Storage 12 | . 20 14 14 9 9 9 Processor 4 | . 3 14 4 . 7 18 Protection 12 | . . . 9 22 14 . Energy Gun 3 | . 15 14 4 . . 7 Ballistic Gun 4 | . . . . 15 6 . Ballistic Cannon 1 | . 12 14 1 . . . Launcher 7 | . . . 13 2 . . Slashing Weapon 5 | . . . 9 . 3 5 Naked Turns . | . . . . . . . Heaviest Build 112 | 14 95 91 92 110 112 104 Greatest Support 72 | 32 32 26 26 62 72 70 Greatest Overweight (x) 5 | . 5 3 4 3 2 1 Average Overweight (x) 2 | . 1 3 3 1 1 1 Largest Inventory Capacity 25 | 8 25 25 25 25 25 25 Average Capacity 24 | 6 20 25 25 25 25 25 Most Carried 25 | 4 25 25 25 25 25 25 Average Carried 23 | 1 15 24 23 24 24 24 Final Capacity 25 | 8 25 25 25 25 25 25 Final Carried 25 | 1 25 25 25 25 25 25 Class Distribution -------------------- 83% | Mutant 16% | Scavenger-Mutant Dominant Class ---------------- Mutant | -10/Materials Mutant | -10/Mines Mutant | -10/Subcaves Mutant | -8/Materials Scavenger-Mutant | -8/Garrison Scavenger-Mutant | -8/Materials Resources | -11 -10 -10 -10 -8 -8 -8 ----------- Run | Yrd Mat Min Sub Mat Gar Mat Matter Collected 2810 | 229 248 32 270 1450 516 65 Remotely . | . . . . . . . Salvage Created 4815 | . 561 31 266 2220 1118 619 Parts 246 | . 32 1 20 125 37 31 Haulers Intercepted 6 | . 2 . . 4 . . Recyclers Shooed 4 | . 3 . . 1 . . Parts Field Recycled . | . . . . . . . Retrieved Matter . | . . . . . . . Parts Self-Destructed 17 | . . . 17 . . . Prevented . | . . . . . . . Kills | -11 -10 -10 -10 -8 -8 -8 ------- Run | Yrd Mat Min Sub Mat Gar Mat Combat Hostiles Destroyed 94 | . 11 1 7 36 27 12 Melee 10 | . . . 2 . 8 . Guns 56 | . 4 1 4 36 4 7 Cannons 12 | . 7 . 1 . . 4 Classes Destroyed 14 | . 6 . 2 5 1 . Worker 2 | . 1 . . 1 . . Tunneler 1 | . . . . 1 . . Hauler 6 | . 2 . . 4 . . Recycler 5 | . 2 . . 3 . . Mechanic 1 | . . . . 1 . . Operator 3 | . . . . 2 . 1 Turret 2 | . . . 2 . . . Watcher 10 | . 3 . . 5 1 1 Swarmer 21 | . 5 . 1 8 4 3 Grunt 48 | . 6 1 2 19 14 6 Brawler 1 | . . . . . 1 . Sentry 17 | . . . . 8 7 2 Hunter 3 | . . . . 1 1 1 Subdweller 4 | . . . 4 . . . Best Kill Streak 6 | . 3 1 2 4 6 4 Combat Bots Only 6 | . 3 1 2 4 6 3 Max Kills in Single Turn 2 | . 1 1 1 2 1 1 Gunslinging . | . . . . . . . Exploded . | . . . . . . . Melee 1 | . . . 1 . 1 . Uniques/NPCs Destroyed . | . . . . . . . Combat | -11 -10 -10 -10 -8 -8 -8 -------- Run | Yrd Mat Min Sub Mat Gar Mat Hostile Shots Fired 653 | . 56 8 82 178 288 41 Missed 174 | . 16 2 30 51 66 9 Damage Taken 5841 | . 307 65 487 1520 3001 461 Core 762 | . 74 23 74 61 387 143 Absorbed by Shields . | . . . . . . . Redirected to Shielding 112 | . . . 12 100 . . Ignored by Resistances 1550 | . 99 20 148 429 746 108 Regen/Repaired (Parts) 114 | . . . . 114 . . Core Remaining (%) 65 | 100 . . 31 . . . Volleys Fired 298 | . 45 3 16 166 30 38 Largest 2 | . 2 2 2 2 2 2 Hottest 162 | . 90 85 100 58 81 162 Shots Fired 520 | . 90 6 30 277 54 63 Gun 436 | . 47 3 12 276 48 50 Cannon 75 | . 43 3 10 . 6 13 Launcher 9 | . . . 8 1 . . Special . | . . . . . . . Kinetic 380 | . 43 3 10 276 48 . Thermal 110 | . 45 3 12 . . 50 Explosive 9 | . . . 8 1 . . Electromagnetic 21 | . 2 . . . 6 13 Robot Hit Streak 27 | . 12 10 26 27 16 12 Robot Miss Streak 4 | . 3 1 . 4 1 1 Penetration Max . | . . . . . . . Secondary Targets 2 | . . . . 2 . . Max Gunslinging Chain 1 | . . . . 1 . . Shots Hit Robots 483 | . 65 4 29 218 113 54 Core Hits 176 | . 26 3 17 93 20 17 Critical Kills 1 | . . . . . 1 . Critical Parts Destroyed 14 | . . . . 2 12 . Critical Strikes 21 | . 2 . 2 2 13 2 Burn 5 | . 2 . 1 . . 2 Destroy 4 | . . . . 2 2 . Blast 1 | . . . 1 . . . Smash 11 | . . . . . 11 . Melee Attacks 153 | . . . 32 . 121 . Impact 112 | . . . . . 112 . Slashing 41 | . . . 32 . 9 . Piercing . | . . . . . . . Sneak Attacks 1 | . . . . . 1 . Combat Hostiles . | . . . . . . . Follow-up Attacks 1 | . . . . . 1 . Damage Inflicted 10508 | . 943 54 612 3730 3740 1429 Guns 5803 | . 458 38 129 3716 433 1029 Cannons 997 | . 485 16 67 . 29 400 Explosions 223 | . . . 209 14 . . Melee 3485 | . . . 207 . 3278 . Ramming . | . . . . . . . Kinetic 4717 | . 485 16 67 3716 433 . Thermal 1608 | . 412 38 129 . . 1029 Explosive 223 | . . . 209 14 . . Electromagnetic 475 | . 46 . . . 29 400 Impact 2948 | . . . . . 2948 . Slashing 537 | . . . 207 . 330 . Piercing . | . . . . . . . Highest Corruption 11 | . . . . . 11 1 Average Corruption 2 | . . . . . 3 1 Corruption Purged 10 | . . . . . 10 . Corruption Blocked . | . . . . . . . Effects 23 | . . . . . 19 4 Message Errors 7 | . . . . . 6 1 Matter Fused 4 | . . . . . 3 1 Heat Flow Errors 5 | . . . . . 5 . Energy Discharges 1 | . . . . . . 1 Data Loss (minor) 3 | . . . . . 2 1 Data Loss (major) 1 | . . . . . 1 . Misfires 1 | . . . . . 1 . Alerts 1 | . . . . . 1 . Overload Shots . | . . . . . . . Overflow Damage 755 | . 8 . . . 732 15 Projectiles 23 | . 8 . . . . 15 Explosions . | . . . . . . . Melee 732 | . . . . . 732 . Knockbacks 13 | . 6 . . . 7 . Impact 7 | . . . . . 7 . Kinetic 5 | . 5 . . . . . Secondary 1 | . 1 . . . . . Self-Inflicted Damage . | . . . . . . . Shots . | . . . . . . . Rammed . | . . . . . . . Targets Rammed . | . . . . . . . Kicked . | . . . . . . . Crushed . | . . . . . . . Highest Temperature 552 | . 168 114 4 100 241 552 Average Temperature 57 | . 58 62 4 17 61 132 Received Heat Transfer 2757 | . 168 48 258 711 1347 225 Effects 2 | . . . . . . 2 Energy Bleed 1 | . . . . . . 1 Damage (core) 1 | . . . . . . 1 Siege Activations . | . . . . . . . Robots Corrupted 1 | . . . . . 1 . Combat Hostiles 1 | . . . . . 1 . Parts Fried 15 | . . . . . 14 1 Impact Corruptions 28 | . . . . . 28 . Robots Melted 1 | . . . . . . 1 Combat Hostiles 1 | . . . . . . 1 Parts Melted 7 | . 2 . . . . 5 Heat Transferred 3589 | . 1369 111 370 . . 1739 Parts Sabotaged . | . . . . . . . Parts Stolen . | . . . . . . . Parts Stripped . | . . . . . . . Power Chain Reactions . | . . . . . . . Alert | -11 -10 -10 -10 -8 -8 -8 ------- Run | Yrd Mat Min Sub Mat Gar Mat Peak Influence 1726 | . 248 53 . 247 1726 963 Initial 724 | . . . . . . 724 Average 333 | . 64 18 . 70 817 822 Maximum Alert Level 5 | . 1 . . 1 5 3 Low Security (%) 67 | 100 98 100 . 97 15 . Level 1 3 | . 1 . . 2 8 . Level 2 6 | . . . . . 21 . Level 3 12 | . . . . . 21 100 Level 4 8 | . . . . . 27 . Level 5 2 | . . . . . 6 . High Security . | . . . . . . . Max Security . | . . . . . . . Squads Dispatched 14 | . 2 . . 8 . 4 Investigation 5 | . 2 . . 2 . 1 Extermination . | . . . . . . . Reinforcement 3 | . . . . 2 . 1 Assault . | . . . . . . . Garrison 6 | . . . . 4 . 2 Intercept . | . . . . . . . Searches Triggered . | . . . . . . . Construction Impeded . | . . . . . . . Haulers Reinforced . | . . . . . . . Active Scanning Responses . | . . . . . . . Cargo Convoy Interrupts . | . . . . . . . Stealth | -11 -10 -10 -10 -8 -8 -8 --------- Run | Yrd Mat Min Sub Mat Gar Mat Distress Signals 2 | . 2 . . . . . Communications Jammed . | . . . . . . . Distress Signals . | . . . . . . . Times Spotted 181 | . 15 2 55 53 38 18 Peak Tracking Total 8 | . 3 2 6 8 5 4 Tactical Retreats 15 | . . . 5 6 4 . Traps | -11 -10 -10 -10 -8 -8 -8 ------- Run | Yrd Mat Min Sub Mat Gar Mat Traps Triggered 9 | . 2 . . 2 4 1 Indirectly . | . . . . . . . Trap Hack Attempts . | . . . . . . . Triggered . | . . . . . . . Disarmed . | . . . . . . . Reprogrammed . | . . . . . . . Reused . | . . . . . . . Traps Extracted . | . . . . . . . Installed . | . . . . . . . Triggered 3 | . . . 3 . . . Machines | -11 -10 -10 -10 -8 -8 -8 ---------- Run | Yrd Mat Min Sub Mat Gar Mat Machines Disabled 11 | . . . 4 1 6 . Max in Single Turn 3 | . . . 3 1 1 . Garrison Relay 5 | . . . . . 5 . Machines Repaired . | . . . . . . . Machines Dismantled . | . . . . . . . Machines Sabotaged . | . . . . . . . Overloaded Fab Kills . | . . . . . . . Hacking | -11 -10 -10 -10 -8 -8 -8 --------- Run | Yrd Mat Min Sub Mat Gar Mat Machines Accessed 25 | . 6 . 1 13 5 . Terminals 19 | . 6 . . 8 5 . Fabricators . | . . . . . . . Repair Stations 2 | . . . . 2 . . Recycling Units . | . . . . . . . Scanalyzers 2 | . . . . 2 . . Garrison Access 1 | . . . . 1 . . Total Hacks 61 | . 8 . 2 39 12 . Successful 36 | . 6 . 2 22 6 . Failed 25 | . 2 . . 17 6 . Catastrophic 4 | . . . . 4 . . Database Lockouts . | . . . . . . . Manual 33 | . 8 . . 22 3 . Terminals 42 | . 8 . . 22 12 . Fabricators . | . . . . . . . Repair Stations 4 | . . . . 4 . . Recycling Units . | . . . . . . . Scanalyzers 11 | . . . . 11 . . Garrison Access 2 | . . . . 2 . . Terminal Hacks 7 | . . . 2 1 4 . Record 2 | . . . 2 . . . Open Door 1 | . . . . . 1 . Emergency Access Points 1 | . . . . . 1 . Terminal Index 1 | . . . . 1 . . Garrison Registry 1 | . . . . . 1 . Security Stations 1 | . . . . . 1 . Fabricator Hacks . | . . . . . . . Repair Station Hacks 4 | . . . . 4 . . Scan Component 2 | . . . . 2 . . Repair 2 | . . . . 2 . . Recycling Unit Hacks . | . . . . . . . Scanalyzer 8 | . . . . 8 . . Insert Component 3 | . . . . 3 . . Analyze 5 | . . . . 5 . . Garrison Access Hacks 1 | . . . . 1 . . Unlock Access 1 | . . . . 1 . . Unauthorized Hacks 16 | . 6 . . 8 2 . Terminals 16 | . 6 . . 8 2 . Botnet 16 | . 6 . . 8 2 . Fabricators . | . . . . . . . Repair Stations . | . . . . . . . Recycling Units . | . . . . . . . Scanalyzers . | . . . . . . . Garrison Access . | . . . . . . . Data Cores Recovered 1 | . . . . 1 . . Used . | . . . . . . . Hacking Detections 20 | . 3 . . 13 4 . Full Trace Events 1 | . . . . 1 . . Feedback Events . | . . . . . . . Feedback Blocked . | . . . . . . . Robot Schematics Acquired . | . . . . . . . Robots Built . | . . . . . . . Authchips . | . . . . . . . Time . | . . . . . . . Total Robot Build Rating . | . . . . . . . Part Schematics Acquired 3 | . . . . 3 . . Parts Built . | . . . . . . . Authchips . | . . . . . . . Time . | . . . . . . . Total Part Build Rating . | . . . . . . . Parts Repaired 2 | . . . . 2 . . Time 64 | . . . . 64 . . Parts Recycled . | . . . . . . . Recycled Matter . | . . . . . . . Retrieved Matter . | . . . . . . . Retrieved Components . | . . . . . . . Parts Scanalyzed 3 | . . . . 3 . . Part Schematics Acquired 3 | . . . . 3 . . Parts Damaged . | . . . . . . . Bothacking | -11 -10 -10 -10 -8 -8 -8 ------------ Run | Yrd Mat Min Sub Mat Gar Mat Used RIF Installer 1 | . . . . . 1 . Robots Hacked . | . . . . . . . Non-combat . | . . . . . . . Combat . | . . . . . . . Robot Hacks Applied . | . . . . . . . Relay Couplers Released 21 | . . . . . 21 . Machine Destruction 21 | . . . . . 21 . Fabnet Peak Effective % . | . . . . . . . Robots Rewired . | . . . . . . . Allies Hacked . | . . . . . . . Hacks Repelled . | . . . . . . . Allies | -11 -10 -10 -10 -8 -8 -8 -------- Run | Yrd Mat Min Sub Mat Gar Mat Total Allies 5 | . . 3 . . 2 . Largest Group 3 | . . 3 3 . 2 . Highest-Rated Group 45 | . . 40 40 . 45 . Highest-Rated Ally 25 | . . 16 16 . 25 . Total Orders . | . . . . . . . Ally Attacks 41 | . . 5 16 . 20 . Total Damage 929 | . . 49 110 . 770 . Kills 7 | . . 1 . . 6 . Allies Corrupted . | . . . . . . . Allies Melted . | . . . . . . . Intel | -11 -10 -10 -10 -8 -8 -8 ------- Run | Yrd Mat Min Sub Mat Gar Mat Robot Analysis Total . | . . . . . . . Derelict Logs Recovered 1 | . . . 1 . . . Drone Launches . | . . . . . . . Drone Recoveries . | . . . . . . . Exploration | -11 -10 -10 -10 -8 -8 -8 ------------- Run | Yrd Mat Min Sub Mat Gar Mat Turns Passed 18346 | 58 1236 524 9256 4026 2736 510 Spaces Moved 6877 | 46 858 215 2963 1635 987 173 Core 12 | 12 . . . . . . Treads . | . . . . . . . Legs 4704 | . . . 1909 1635 987 173 Wheels 2161 | 34 858 215 1054 . . . Hover . | . . . . . . . Flight . | . . . . . . . Fastest Speed 50 | 50 100 135 135 190 190 190 Average Speed 235 | 86 124 135 305 213 192 190 Slowest Speed 400 | 100 175 135 400 335 263 190 Overloaded Moves . | . . . . . . . Propulsion Burnouts . | . . . . . . . Robots Hopped . | . . . . . . . Cave-ins Triggered 1 | . . . . . 1 . Exploration Rate (%) 61 | 3 95 38 96 95 96 9 Regions Visited 6 Branch Regions 2 Pre-discovered Areas . | . . . . . . . Known Exits Taken 1 | . . . . 1 . . Unknown Exits Taken 4 | 1 1 1 1 . . . Scrap Searched 5 | . . 1 4 . . . Spaces Dug 8 | . . . 6 . 2 . Terrain Destroyed 32 | . . . 14 12 2 4 Melee 8 | . . . 6 . 2 . Projectile 4 | . . . . . . 4 AOE 20 | . . . 8 12 . . Terrain Rammed . | . . . . . . . Walls Destroyed . | . . . . . . . Machines Disabled . | . . . . . . . Actions | -11 -10 -10 -10 -8 -8 -8 --------- Run | Yrd Mat Min Sub Mat Gar Mat Total 8454 | 63 934 445 3088 2027 1588 309 Wait 799 | 5 . 221 27 98 371 77 Move 6870 | 45 857 214 2962 1634 985 173 Hop . | . . . . . . . Pick Up 114 | 7 25 2 19 38 16 7 Fast Attach 16 | . 2 . . 8 6 . Attach 27 | 6 1 . 3 7 9 1 Detach . | . . . . . . . Swap 59 | . 2 2 12 22 16 5 Drop 104 | . 2 3 17 54 20 8 Fire 298 | . 45 3 16 166 30 38 Melee 152 | . . . 32 . 120 . Ram . | . . . . . . . Kick . | . . . . . . . Crush . | . . . . . . . Escape Stasis 15 | . . . . . 15 . Rewire . | . . . . . . . Trap . | . . . . . . . Miscellaneous . | . . . . . . . Route ------- -11/Scrapyard -10/Materials (discovered 4 exits: [*Mat x3] / [*Min]) -10/Mines -10/Subcaves (discovered 3 exits: *Mat x2 / [*Rec]) -8/Materials (discovered 4 exits: [*Fac x3] / Gar) -8/Garrison (discovered 3 exits: [*Mat x3]) -8/Materials History --------- Turn | Location | Event 21 | -11/Scrapyard | Discovered new exit (range 16) 59 | -11/Scrapyard | Entered Materials 67 | -10/Materials | Discovered new exit (range 16) 202 | -10/Materials | Discovered new exit (range 12) 307 | -10/Materials | Build established: Mutant 340 | -10/Materials | Discovered new exit (range 16) 679 | -10/Materials | Discovered new exit (range 6) 1295 | -10/Materials | Entered Mines 1429 | -10/Mines | A weapon hastily lodged in a ceiling crevice suddenly fell to the ground 1467 | -10/Mines | Assisted by bots powering up and referring to "LRC-V3" 1519 | -10/Mines | Assembled infested the area 1801 | -10/Mines | Discovered new exit (range 9) 1819 | -10/Mines | Entered Subcaves 1819 | -10/Subcaves | Accompanied by 3 allies 1956 | -10/Subcaves | Lost 3 allies 2049 | -10/Subcaves | Shifting Twisted Machinery released Mak. Light Armor Plating 2059 | -10/Subcaves | Shifting Twisted Machinery released Barrage Gun 2265 | -10/Subcaves | A swath of the cavern ceiling suddenly collapsed 2839 | -10/Subcaves | Shifting Twisted Machinery released Mak. Hacking Suite 2842 | -10/Subcaves | Shifting Twisted Machinery released Mak. Spear 2885 | -10/Subcaves | Shifting Twisted Machinery released Sub. Monowheel 2897 | -10/Subcaves | Discovered new exit (range 11) 3010 | -10/Subcaves | Shifting Twisted Machinery released Sub. Power Source 4464 | -10/Subcaves | Core integrity fell below 50% 4561 | -10/Subcaves | Discovered new exit (range 12) 5083 | -10/Subcaves | Discovered new exit (range 11) 10172 | -10/Subcaves | Visited Clippyterm 11075 | -10/Subcaves | Entered Materials 11075 | -8/Materials | Evolved 4 slots: Propulsion x2, Utility x2 11919 | -8/Materials | Discovered new exit (range 13) 12370 | -8/Materials | Build established: Scavenger-Mutant 12516 | -8/Materials | Repaired Propulsion Shielding 13173 | -8/Materials | Build established: Mutant 13307 | -8/Materials | Discovered new exit (range 8) 13356 | -8/Materials | Garrison activated, responded to threat 13595 | -8/Materials | Garrison activated, responded to threat 13686 | -8/Materials | Repaired Carbon-fiber Leg 14987 | -8/Materials | Discovered new exit (range 4) 15014 | -8/Materials | Build established: Scavenger-Mutant 15049 | -8/Materials | Identified exit to Garrison 15101 | -8/Materials | Entered Garrison 15145 | -8/Garrison | Triggered checkpoint 15251 | -8/Garrison | Learned Materials security intel 15394 | -8/Garrison | Garrison Relay disabled 15479 | -8/Garrison | Triggered checkpoint 15745 | -8/Garrison | Triggered checkpoint 15839 | -8/Garrison | Garrison Relay disabled 15874 | -8/Garrison | Build established: Mutant 15959 | -8/Garrison | Discovered new exit (range 10) 15978 | -8/Garrison | Discovered new exit (range 68) 15978 | -8/Garrison | Discovered new exit (range 65) 15978 | -8/Garrison | Discovered new exit (range 7) 16093 | -8/Garrison | Installed Relay Interface Framework 16287 | -8/Garrison | Triggered checkpoint 16445 | -8/Garrison | Rescued a captive Derelict 16446 | -8/Garrison | Rescued a captive Derelict 16507 | -8/Garrison | Garrison Relay disabled 16539 | -8/Garrison | Garrison Relay disabled 16866 | -8/Garrison | Spotted B-75 Beast 16885 | -8/Garrison | Core integrity fell below 50% 16906 | -8/Garrison | Allies destroyed B-75 Beast 16922 | -8/Garrison | Lost 4 parts (2n1u1w) 16926 | -8/Garrison | Crushed by falling debris 16926 | -8/Garrison | Core integrity fell below 20% 16926 | -8/Garrison | System corruption reached 10% 17220 | -8/Garrison | Build established: Scavenger-Mutant 17441 | -8/Garrison | Triggered checkpoint 17446 | -8/Garrison | Triggered checkpoint 17490 | -8/Garrison | Garrison Relay disabled 17837 | -8/Garrison | Entered Materials 18161 | -8/Materials | Garrison activated, responded to threat 18331 | -8/Materials | Garrison activated, responded to threat 18348 | -8/Materials | Core destroyed Last Messages --------------- 18331_ G-47 Trooper critical meltdown. 18331_ Imp. Heat Sink melted. 18332_ U-05 Engineer lays Concrete. 18334_ G-47 Trooper destroyed. 18334_ K-01 Serf collects debris. 18335_ U-05 Engineer lays Concrete. 18337_ System corrupted: Component data lost. 18337_ K-01 Serf collects debris. 18339_ K-01 Serf destroyed. 18339_ K-01 Serf collects debris. 18342_ U-05 Engineer builds a Wall. 18342_ K-01 Serf collects debris. 18345_ G-47 Trooper heat damages Aluminum Leg. 18345_ G-47 Trooper overheating. 18346_ K-01 Serf collects debris. 18347_ Overheating: Energy bleed (-31). 18347_ Destroyed Lgt. Nuclear Core. 18347_ Melted Aluminum Leg. 18347_ K-01 Serf collects debris. 18348_ Overheating: Core damaged (-99). Map ----- +----------------------------------------------------+ | ?????????????????????????????????????????????????? | | ?????????????????????????????????????????????????? | | ?????????????????????????????????????????????????? | | ?????????????????????????????????????????????????? | | ?????????????????????????????????????????????????? | | ?????????????????????????????????????????????????? | | ?????????????????????????????????????????????????? | | ?????????????????????????????????????????????????? | | ?????????????????????????????????????????????????? | | ?????????????????????????????????????????????????? | | ?????????????????????????????????????????????????? | | ?????????????????????????????????????????????????? | | ?????????????????????????????????????????????????? | | ?????????????????????????????????????????????????? | | ?????????????????????????????????????????????????? | | ?????????????????????????????????????????????????? | | ?????????????????????????????????????????????????? | | ?????????????????????????????????????????????????? | | ????????????????????????????########?????????????? | | ????????????????????????????#[[!![[#?????????????? | | ????????????????????????????#[ !![[#?????????????? | | ????????????????????????????# [ #?????????????? | | ???????????????????????????## ###?????????????? | | ???????????????????????????# #???????????????? | | ?????????????#! ####### k #???????????????? | | ?????????????# =%+=%=@ g u # """???????????? | | ???????????????""" # k =* u#???????????????? | | ?????????????????????# mg[ #???????????????? | | ?????????????????????# "" #???????????????? | | ??????????????????? + "" #???????????????? | | ?????????????????? # """ !#???????????????? | | ?????????????????" # "" **%########????????? | | ?????????????????" ?# """% ## #?????? | | ???????????????? ??# """% ## "" #?????? | | ????#####+############ g"""% ## G" #?????? | | ????+ " ## "" #?????? | | ???????# k + +?????? | | ???????# ### """ #?????? | | ???????# ##########+####### #?# = """ ??????? | | ???????# #????????? ??????# #?# """ ??????? | | ???????# #????????????????# [=#?# ??????? | | ???????# #???????????????##=! ####"##?###??????? | | ???????#####???????????????##=![%=*=% #??????????? | | ??????????????????????????### ![##### #??????????? | | ??????????????????????????+ %=##??# #??????????? | | ??????????????????????????####+######+###????????? | | ??????????????????????????# ! #????????? | | ??????????????????????????#! / "" #????????? | | ??????????????????????????# = ] T" #????????? | | ??????????????????????????# !! * ""!#????????? | +----------------------------------------------------+ Best States ------------- Heat Dissipation 53 Energy Generation 16 Energy Capacity 290 Matter Stores 300 Matter Capacity 300 Sight Range 16 Robot Scan Range 15 Terrain Scan Density 10 Armor Coverage 800 Resistance: KI 20 Resistance: TH 20 Resistance: EX 20 Resistance: EM 35 Resistance: I 20 Resistance: S 20 Resistance: P 20 Propulsion Shielding 33 Evasion (%) 50 Targeting Accuracy 16 Salvage Targeting 3 Offensive Hacking 10 Authchip Count 4 Item Schematics ----------------- Myomer Leg | -8/Materials | Scanalyzed Transmission Jammer | -8/Materials | Scanalyzed Transport Network Coupler | -8/Materials | Scanalyzed Robot Schematics ------------------ None Fabricated ------------ Nothing Alien Tech Used ----------------- None Achievements -------------- None Challenges ------------ None Game ------ Seed DirtyNuclearEdition Manual? 0 Play Time 01:21:15 Cumulative 83.9 hours Start 2024.07.26 @ 08:06:10 End 2024.07.26 @ 10:19:32 Sessions 3 Manual Loads 0 Difficulty Adventurer Special Mode None Game No. 122 Rogue 0 Adventurer 122 Explorer 0 Win Type - Total 0 Types 0/0/0/0/0/0/0/0/0 Lore% 45 Gallery% 46 Achievement% 33 Wizard Run 0 Options --------- Layout 2 ASCII 0 Keyboard 0 Movement Mouse Keybinds 0 Fullscreen 2 Font 48/Smallcaps Map View 50x44 Zoom Use 0% Tactical HUD 1 Map Filters NONE Filters NONE Steam 1 RUN: 96f0811e-bce6-4552-8710-02a0a8ba5699